 Dungeon Crawl Stone Soup version 0.28-a0-1555-g9ae15a6949 (webtiles) character file.

Game seed: 1595281174576848092

56 wilfster70 the Digger (level 3, 0/19 HPs)
             Began as a Gargoyle Earth Elementalist on Jan 18, 2022.
             Slain by Terence (7 damage)
             ... on level 2 of the Dungeon.
             The game lasted 00:04:42 (2701 turns).

wilfster70 the Digger (Gargoyle Earth Elementalist) Turns: 2701, Time: 00:04:43

Health: 0/19       AC:  6    Str: 11    XL:     3   Next: 95%
Magic:  0/6        EV: 11    Int: 17    God:
Gold:   48         SH:  5    Dex: 10    Spells: 2/6 levels left

rFire   . . .      SeeInvis .   a - +0 mace
rCold   . . .      Faith    .   (no shield)
rNeg    + . .      Spirit   .   b - +0 robe
rPois   ∞          Reflect  +   (no helmet)
rElec   +          Harm     .   (no cloak)
rCorr   .          Rampage  .   f - +0 pair of gloves
Will    .....                   (no boots)
Stlth   ++........              d - amulet of reflection
HPRegen 0.06/turn               (no ring)
MPRegen 0.10/turn               (no ring)

@: no status effects
A: sickness immunity, AC +3, negative energy resistance 1, electricity
resistance, torment resistance 1, petrification resistance
a: no special abilities


You were on level 2 of the Dungeon.
You visited 1 branch of the dungeon, and saw 2 of its levels.

You collected 48 gold pieces.

Inventory:

Hand Weapons
 a - a +0 mace (weapon)
Missiles
 c - 61 stones
 e - 4 javelins
 h - 15 sling bullets
Armour
 b - a +0 robe (worn)
 f - a +0 pair of gloves (worn)
Jewellery
 d - an amulet of reflection (around neck)
Scrolls
 i - a scroll of immolation {unknown}
Potions
 g - a potion of heal wounds {unknown}


   Skills:
 - Level 1.5 Dodging
 - Level 2.1 Stealth
 - Level 2.0 Spellcasting
 - Level 0.7 Transmutations
 + Level 5.7 Earth Magic


You had 2 spell levels left.
You knew the following spells:

 Your Spells              Type           Power      Damage    Failure   Level
a - Sandblast             Erth           42%        2d11      1%          1
b - Stone Arrow           Conj/Erth      22%        3d8       19%         3

Your spell library contained the following spells:

 Spells                   Type           Power      Damage    Failure   Level
 Passwall                 Tmut/Erth      10%        N/A       8%          2
 Petrify                  Tmut/Erth      12%        N/A       45%         4


Dungeon Overview and Level Annotations

Branches:
Dungeon (2/15)

Altars:

Annotations:
D:2 Terence


Innate Abilities, Weirdness & Mutations

You are immune to sickness and miasma.
Your stone body is resilient. (AC +3)
You are immune to poison.
You resist negative energy. (rN+)
You are resistant to electric shocks. (rElec)
You are resistant to unholy torment.
You are immune to petrification.


Message History

Confirm with . or Enter, or press ? or * to list all spells.
Aiming: Sandblast (safe; 1% risk of failure)
Press: ? - help, Shift-Dir - straight line, f/p - Terence
Aim: Terence, wielding a +0 trident and wearing a +0 chain mail (86% to hit)
The blast of sand hits Terence but does no damage.
Terence hits you from afar with a +0 trident.
Casting: Sandblast (safe; 1% risk of failure)
Confirm with . or Enter, or press ? or * to list all spells.
Aiming: Sandblast (safe; 1% risk of failure)
Press: ? - help, Shift-Dir - straight line, f/p - Terence
Aim: Terence, wielding a +0 trident and wearing a +0 chain mail (86% to hit)
The blast of sand hits Terence!
Terence is moderately wounded.
Terence barely misses you.
Casting: Sandblast (safe; 1% risk of failure)
Confirm with . or Enter, or press ? or * to list all spells.
Aiming: Sandblast (safe; 1% risk of failure)
Press: ? - help, Shift-Dir - straight line, f/p - Terence
Aim: Terence, wielding a +0 trident and wearing a +0 chain mail (moderately wounded, 86% to hit)
The blast of sand misses Terence.
Terence hits you from afar with a +0 trident.
Casting: Sandblast (safe; 1% risk of failure)
Confirm with . or Enter, or press ? or * to list all spells.
Aiming: Sandblast (safe; 1% risk of failure)
Press: ? - help, Shift-Dir - straight line, f/p - Terence
Aim: Terence, wielding a +0 trident and wearing a +0 chain mail (moderately wounded, 86% to hit)
The blast of sand hits Terence.
Terence is severely wounded.
Terence hits you from afar with a +0 trident.
Casting: Sandblast (safe; 1% risk of failure)
Confirm with . or Enter, or press ? or * to list all spells.
You don't have enough magic to cast this spell.
Casting: Sandblast (safe; 1% risk of failure)
Confirm with . or Enter, or press ? or * to list all spells.
Aiming: Sandblast (safe; 1% risk of failure)
Press: ? - help, Shift-Dir - straight line, f/p - Terence
Aim: Terence, wielding a +0 trident and wearing a +0 chain mail (severely wounded, 86% to hit)
The blast of sand misses Terence.
Terence hits you from afar with a +0 trident!
You die...

#### ...
...###.##########
#...............
########.#######
#@# #.# #@# #.#
#.# #####.#
#...).# #.#####
#.#######
#.......#
#######.#


You could see Terence.

Vanquished Creatures
  2 adders (D:2)
  An adder skeleton (D:2)
  4 bats
  2 endoplasms (D:1)
  5 goblins
  3 hobgoblins (D:1)
  2 kobolds (D:1)
  3 quokkas (D:1)
  3 ball pythons
  5 frilled lizards
  3 rats (D:1)
33 creatures vanquished.

Notes
Turn   | Place    | Note
-------+----------+-------------------------------------------
     0 | D:1      | wilfster70 the Gargoyle Earth Elementalist began the quest
                  | for the Orb.
     0 | D:1      | Reached XP level 1. HP: 10/10 MP: 3/3
   355 | D:1      | Reached skill level 4 in Earth Magic
   499 | D:1      | Reached XP level 2. HP: 7/15 MP: 0/5
  1754 | D:1      | Reached XP level 3. HP: 11/19 MP: 2/6
  1809 | D:1      | Reached skill level 5 in Earth Magic
  2412 | D:2      | Learned a level 3 spell: Stone Arrow
  2686 | D:2      | Noticed Terence
  2701 | D:2      | Slain by Terence

Illustrated notes

Levels and vault maps discovered:
D:1:      dpeg_arrival_concentric_ovals, layout_loops_corners,
          grunt_decor_junction
D:2:      layout_loops_ring, uniq_robin, uniq_terence

Skill      XL: |  1  2  3 |
---------------+----------+-----
Earth Magic    | 4 5 |  5.7
Dodging        | |  1.5
Stealth        | |  2.1
Spellcasting   | |  2.0
Transmutations | |  0.7

Action                   || total
-------------------------++-------
Melee: Mace              ||    92
       Punch             ||     2
 Cast: Sandblast         ||    31
  Use: Scroll            ||     1
 Stab: Sleeping          ||     4
Armor: Robe              ||    33
Dodge: Dodged            ||    65
Block: Other             ||    32
       Reflection        ||     1

Table legend: (Time is in decaauts)
 A = Elapsed time spent in this place.
 B = Non-inter-level travel time spent in this place.
 C = Inter-level travel time spent in this place.
 D = Time resting spent in this place.
 E = Time spent auto-exploring this place.
 F = Levels seen in this place.
 G = Mean time per level.
                   A        B        C        D        E       F      G
               +--------+--------+--------+--------+--------+-----+--------+
         Total |   2737 |   2735 |      2 |   1436 |    554 |   2 | 1368.5 |
       Dungeon |   2737 |   2735 |      2 |   1436 |    554 |   2 | 1368.5 |
               +--------+--------+--------+--------+--------+-----+--------+

Top non-repeatable levels by time:
     D:1: 2259 daAuts
     D:2: 477 daAuts
